gg

Match 30906410
End
Construct Section Command Post
Selects Heavy Armor Battlegroup
Dingo Light Scout Car
Infantry Section
Infantry Section
Infantry Section
Infantry Section
Selects Light Vehicle Withdraw and Refit
Light Vehicle Withdraw and Refit
Construct Platoon Command Post
Humber Armored Car
6-pounder Anti-tank Gun Team
Royal Engineer Section
Infantry Training
Selects Rigorous Vehicle Training
Construct Company Command Post
Light Vehicle Withdraw and Refit
Selects Crusader AA Medium Tank
Selects UNKNOWN (2162094)
Churchill IV Heavy Tank
Vickers Machine Gun Team
Grenade Package
CMP 15cwt Truck
Armored Vehicle Training
Unlock Bishop Self-propelled Artillery
Bishop Self-propelled Artillery
Selects Forward Repair Assembly
Churchill IV Heavy Tank
Royal Engineer Section
Bishop Self-propelled Artillery
Team Weapon Training
Selects Recon Artillery
Recon Artillery
Recon Artillery
TacticalVanguard
PlammX
rune41
S K E N G
Maxiboi1303
Alpenwell
0
0

Comments sign in to comment!

No comments posted yet!